Map: Rhoskallian LE

Players

qqq - Winner!

  • Race: Zerg Zerg
  • Spawn Location: 5:00

Massa - Winner!

  • Race: Terran Terran
  • League: Platinum
  • Spawn Location: 6:00

GLHFNoob

  • Race: Protoss Protoss
  • Spawn Location: 12:00

Lexa

  • Race: Terran Terran
  • League: Diamond
  • Spawn Location: 11:00

VOD

Have the link to the VOD?

Description

Time

  • Played on: Nov. 10, 2020, 3:13 p.m.
  • Length: 11:45
Show
View Real Time Build Order
Export as new Build Order

qqq Zerg - Winner!

Build Orders: Hatch First 

Get SALT Encoding   

  12  0:00  Drone  
  13  0:09  Drone  
  14  0:38  Hatchery  
  13  0:46  Drone  
  14  0:58  Spawning Pool  
  13  1:10  Overlord  
  13  1:12  Drone  
  14  1:19  Extractor  
  14  1:22  Drone  
  14  1:29  Drone  
  15  1:34  Drone  
  16  1:43  Drone  
  16  1:46  Queen  
  19  1:55  Drone  
  19  1:57  Drone  
  21  2:10  Queen  
  21  2:12  Drone  
  24  2:20  Overlord  
  24  2:30  Drone  
  24  2:31  Drone  
  24  2:32  Drone  
  27  2:37  Metabolic Boost  
  27  2:42  Zergling x2  
  28  2:45  Zergling x2  
  29  2:52  Zergling x2  
  29  2:53  Zergling x2  
  31  3:04  Zergling x2  
  32  3:08  Zergling x6  
  32  3:12  Zergling x2  
  35  3:17  Lair  
  35  3:20  Zergling x2  
  36  3:34  Overlord x2  
  36  3:57  Hatchery, Zergling x6  
  36  3:58  Drone  
  32  4:19  Zergling x10  
  32  4:20  Drone x3  
  37  4:30  Drone x2  
  37  4:31  Drone  
  40  4:32  Drone  
  41  4:49  Drone  
  41  4:50  Drone x2, Spire  
  43  4:59  Drone  
  44  5:01  Drone  
  45  5:07  Drone x3  
  45  5:08  Drone  
  45  5:11  Extractor  
  45  5:13  Queen  
  50  5:14  Drone  
  50  5:16  Drone x2  
  50  5:17  Extractor  
  50  5:19  Extractor  
  50  5:20  Drone  
  52  5:21  Drone  
  52  5:26  Drone x3  
  56  5:37  Overlord x3  
  56  5:40  Overlord  
  56  5:44  Drone  
  57  5:55  Drone x2  
  59  6:03  Mutalisk x2  
  63  6:09  Spore Crawler  
  62  6:12  Spore Crawler  
  62  6:14  Drone x2  
  62  6:15  Spore Crawler  
  62  6:17  Mutalisk  
  64  6:24  Drone  
  64  6:25  Drone x3  
  68  6:27  Drone  
  68  6:31  Hatchery  
  68  6:32  Mutalisk  
  70  6:33  Mutalisk  
  70  6:37  Mutalisk  
  74  7:06  Mutalisk x5  
  74  7:08  Drone x5  
  85  7:09  Drone  
  89  7:17  Overlord  
  89  7:33  Zerg Flyer Weapons Level 1  
  89  7:35  Queen  
  91  7:55  Mutalisk x4  
  91  7:57  Drone x4  
  103  8:01  Overlord x5  
  103  8:06  Extractor x2  
  101  8:15  Drone  
  101  8:16  Drone  
  101  8:19  Mutalisk x3  
  109  8:31  Drone x2  
  109  8:32  Drone x3  
  114  8:34  Hatchery x2  
  114  8:37  Mutalisk x2  
  114  8:39  Overlord  
  117  8:41  Drone  
  117  8:53  Hatchery  
  116  9:21  Mutalisk x5  
  124  9:34  Mutalisk  
  124  9:36  Zergling x4  
  124  9:37  Drone x5  
  124  9:38  Drone  
  134  9:42  Infestation Pit  
  134  9:43  Evolution Chamber  
  132  9:45  Evolution Chamber  
  121  10:40  Mutalisk  
  121  10:41  Mutalisk x5  
  131  10:43  Zergling x10  
  131  10:44  Zergling x2  
  131  10:52  Spine Crawler x2  
  131  10:54  Spine Crawler  
  131  10:55  Spine Crawler  
  112  10:57  Spine Crawler  
  112  10:58  Spine Crawler  
  112  10:59  Spine Crawler  
  112  11:00  Spine Crawler x2  
  112  11:01  Spine Crawler  
  112  11:02  Spine Crawler  
  112  11:03  Spine Crawler  
  101  11:06  Mutalisk x2  
  101  11:07  Mutalisk  
  101  11:08  Drone x2  
  99  11:23  Zergling x4  
  99  11:24  Zergling x4  
Show
View Real Time Build Order
Export as new Build Order

Massa Terran - Winner!

Build Orders: Reaper Expand 

Get SALT Encoding   

  12  0:00  SCV  
  13  0:13  SCV  
  14  0:23  Supply Depot  
  14  0:25  SCV  
  15  0:37  Refinery  
  15  0:45  SCV  
  15  0:46  Barracks  
  16  0:57  SCV  
  17  1:09  SCV  
  18  1:22  SCV  
  19  1:38  Orbital Command  
  19  1:39  Reaper  
  20  1:49  Command Center  
  20  2:08  Factory  
  20  2:11  Marine  
  20  2:14  Supply Depot  
  21  2:16  SCV  
  22  2:31  Supply Depot  
  22  2:34  SCV, Supply Depot  
  23  2:45  Barracks Reactor  
  23  2:46  SCV  
  24  3:01  Orbital Command  
  24  3:02  SCV  
  25  3:14  SCV  
  26  3:54  Factory Tech Lab, Marine x2  
  27  4:01  Factory  
  27  4:03  Barracks  
  27  4:04  SCV x2  
  29  4:11  Barracks  
  29  4:12  Marine x2  
  29  4:14  Barracks  
  29  4:16  SCV x2  
  33  4:18  Engineering Bay  
  33  4:23  Starport  
  33  4:27  Siege Tank  
  33  4:28  SCV x2  
  38  4:33  Marine x2  
  40  4:40  SCV x2  
  42  4:48  Factory Tech Lab  
  42  4:50  Marine  
  42  4:51  Marine  
  42  4:52  SCV  
  45  4:53  SCV, Missile Turret  
  45  4:55  Missile Turret  
  45  4:59  Barracks Tech Lab  
  46  5:00  Barracks Tech Lab  
  46  5:08  Marine  
  46  5:09  Marine, Missile Turret  
  46  5:11  Missile Turret  
  46  5:12  Refinery  
  46  5:13  Refinery  
  46  5:14  Barracks Reactor  
  48  5:21  Refinery  
  48  5:22  Supply Depot  
  48  5:25  Missile Turret  
  48  5:26  Marine x2  
  50  5:30  Marine x2  
  52  5:42  SCV x2  
  54  5:44  Marine x2  
  54  5:47  Medivac  
  54  5:48  Marine x2  
  60  5:50  Widow Mine  
  60  5:51  Widow Mine  
  60  5:53  Marine x2  
  60  5:54  SCV  
  67  6:01  SCV  
  67  6:02  Marine x2  
  67  6:03  Stimpack  
  70  6:10  Supply Depot  
  70  6:13  Supply Depot  
  70  6:17  Supply Depot  
  70  6:19  Supply Depot  
  70  6:32  SCV x2, Marauder x2  
  76  6:35  Combat Shield  
  79  6:40  Siege Tank x2  
  79  6:41  Marine  
  79  6:44  SCV  
  84  6:54  Marauder  
  86  7:15  Missile Turret  
  86  7:18  Sensor Tower  
  86  7:21  Medivac  
  88  7:23  Missile Turret  
  88  7:29  Marauder x2, Marine x3  
  95  7:43  Concussive Shells  
  95  7:50  Marauder x2  
  99  8:11  Marauder  
  101  8:19  Marine  
  102  8:25  Supply Depot  
  102  8:26  Supply Depot  
  102  8:27  Supply Depot  
  102  8:29  Supply Depot  
  102  8:47  Marauder x2, Marine x2  
  108  8:52  Command Center  
  108  9:09  Marauder  
  110  9:10  Command Center  
  66  10:13  Marauder x2  
  50  10:14  Marine  
  50  10:16  Marine  
  50  10:17  Marine x2  
  50  10:19  Siege Tank  
  50  10:20  Siege Tank  
  60  10:25  Orbital Command  
  61  10:28  SCV x3  
  61  10:32  Marine  
  61  10:34  Marauder x2, Marine  
  61  10:35  Marine x2  
  70  10:40  Medivac  
  73  10:49  Marine  
  72  10:51  Barracks  
  72  10:52  Marine, Siege Tank x2  
  72  10:53  Marine x2  
  72  10:56  Marauder x2  
  86  10:59  Planetary Fortress  
  86  11:02  SCV  
  87  11:07  Marine  
  87  11:10  Marine, Medivac  
  87  11:11  Marine x2  
  91  11:14  SCV  
  91  11:17  Marauder x2  
  91  11:25  Marine  
  84  11:26  SCV  
Show
View Real Time Build Order
Export as new Build Order

GLHFNoob Protoss 

Build Orders: 1 Gate Expand, Blink Stalkers 

Get SALT Encoding   

  12  0:00  Probe  
  13  0:12  Probe  
  14  0:21  Pylon  
  14  0:24  Probe  
  15  0:39  Probe (Chrono Boost)  
  15  0:41  Gateway  
  16  0:47  Assimilator  
  16  0:49  Probe (Chrono Boost)  
  17  0:54  Probe (Chrono Boost)  
  18  1:06  Probe  
  19  1:18  Probe  
  20  1:30  Probe  
  20  1:34  Nexus  
  20  1:43  Pylon  
  20  1:52  Cybernetics Core  
  20  1:57  Assimilator  
  20  2:00  Probe (Chrono Boost)  
  21  2:10  Probe (Chrono Boost)  
  22  2:15  Probe (Chrono Boost)  
  23  2:26  Probe (Chrono Boost)  
  23  2:28  Stalker  
  23  2:29  Warp Gate  
  26  2:33  Probe (Chrono Boost)  
  26  2:36  Gateway  
  27  2:41  Probe  
  28  2:52  Probe (Chrono Boost)  
  32  2:59  Probe (Chrono Boost)  
  32  3:02  Probe (Chrono Boost)  
  32  3:06  Probe (Chrono Boost)  
  32  3:07  Probe (Chrono Boost)  
  32  3:09  Twilight Council  
  32  3:12  Stalker  
  35  3:19  Probe x2  
  37  3:26  Stalker  
  39  3:29  Pylon  
  39  3:43  Probe  
  39  3:44  Probe  
  41  3:54  Blink (Chrono Boost)  
  41  3:55  Probe  
  42  4:01  Gateway  
  42  4:04  Robotics Facility  
  42  4:08  Shield Battery  
  42  4:09  Stalker  
  36  4:10  Stalker  
  41  4:29  Gateway  
  41  4:30  Probe  
  42  4:31  Pylon  
  42  4:32  Probe  
  43  4:42  Probe  
  44  4:51  Probe  
  44  4:52  Gateway x2  
  45  4:54  Probe  
  46  5:03  Probe  
  47  5:08  Assimilator x2  
  47  5:09  Stalker x2  
  47  5:11  Probe  
  52  5:15  Probe  
  52  5:18  Warp Prism  
  55  5:28  Probe x2  
  57  5:37  Pylon  
  57  5:40  Probe  
  58  5:42  Gateway  
  58  5:46  Charge (Chrono Boost)  
  58  5:48  Stalker x2  
  58  5:49  Pylon  
  62  6:02  Forge  
  62  6:15  Zealot x2  
  62  6:16  Zealot x3  
  72  6:19  Templar Archives  
  72  6:23  Gateway  
  72  6:37  Probe x2  
  74  6:49  Probe x2  
  76  7:01  Probe x2  
  76  7:10  Photon Cannon  
  76  7:11  Protoss Ground Weapons Level 1 (Chrono Boost)  
  76  7:13  Probe, Photon Cannon  
  77  7:19  Photon Cannon  
  77  7:20  Pylon  
  77  7:23  Pylon  
  77  7:25  Pylon  
  77  7:27  Observer  
  77  7:28  Pylon x2  
  78  7:58  Pylon  
  78  8:01  Pylon  
  78  8:04  High Templar x3, Pylon  
  84  8:11  Archon  
  84  8:16  High Templar x4  
  84  8:17  High Templar  
  94  8:24  Gateway  
  94  8:26  Gateway, Archon x2  
  94  8:27  Archon  
  94  8:32  Gateway  
  94  8:34  Gateway  
  94  8:42  High Templar  
  94  8:47  High Templar  
  96  9:11  Archon  
  96  9:13  High Templar x4  
  96  9:14  High Templar, Zealot  
  96  9:15  Zealot  
  103  9:21  Photon Cannon  
  100  9:36  Pylon  
  100  9:37  Photon Cannon  
  100  9:41  Pylon  
  100  9:43  High Templar x4  
  100  9:45  Zealot x3  
  112  9:51  Archon x4  
  106  10:01  Zealot x4  
  98  10:19  Stalker x2  
  102  10:41  Pylon  
  102  10:45  Pylon  
  102  10:50  Pylon  
Show
View Real Time Build Order
Export as new Build Order

Lexa Terran 

Build Orders: Reaper Expand 

Get SALT Encoding   

  12  0:00  SCV  
  13  0:12  SCV  
  14  0:19  Supply Depot  
  14  0:27  SCV  
  15  0:36  Refinery  
  15  0:43  Barracks  
  15  0:46  SCV  
  16  0:58  SCV  
  17  1:10  SCV  
  18  1:41  Command Center  
  18  1:43  Refinery  
  18  1:49  Factory  
  18  2:02  Orbital Command  
  18  2:06  Reaper  
  19  2:29  SCV  
  20  2:34  Factory Tech Lab  
  20  2:41  SCV  
  21  2:47  Barracks Reactor  
  20  3:11  SCV  
  21  3:13  Siege Tank  
  23  3:28  SCV  
  23  3:35  Marine  
  23  3:56  Barracks  
  23  3:57  Barracks  
  23  4:01  Barracks  
  23  4:07  Barracks  
  23  4:08  SCV  
  23  4:34  Command Center  
  23  4:48  Supply Depot  
  23  4:51  Barracks Reactor  
  23  5:03  Supply Depot  
  23  5:06  Barracks Reactor x2  
  23  5:07  Barracks Reactor  
  23  5:09  SCV, Marine x2, Siege Tank  
  23  5:11  Barracks Tech Lab  
  29  5:21  SCV  
  30  5:29  Marine x3  
  30  5:32  Stimpack  
  30  5:33  SCV  
  34  5:42  Supply Depot  
  34  5:55  Siege Tank  
  37  5:57  Supply Depot  
  37  6:01  Marine  
  38  6:10  SCV x2  
  40  6:22  SCV x2  
  42  6:27  Marine  
  43  6:34  SCV  
  43  6:36  Supply Depot  
  43  6:38  Marine x3  
  47  6:46  SCV  
  48  6:49  Marine x2  
  50  7:00  Orbital Command  
  50  7:01  SCV  
  50  7:06  Marauder, Marine x2  
  50  7:08  Marine  
  56  7:12  Combat Shield  
  56  7:13  SCV  
  57  7:17  Engineering Bay  
  57  7:21  Engineering Bay  
  57  7:22  Marine  
  57  7:23  Marine  
  57  7:26  SCV  
  60  7:34  Barracks  
  60  7:39  Siege Tank  
  60  8:13  Supply Depot  
  60  8:15  Marine x5  
  60  8:16  Marine x3  
  68  8:29  Missile Turret  
  68  8:33  Missile Turret  
  68  8:36  Refinery  
  68  8:39  Marauder, Marine x3  
  73  8:45  Supply Depot  
  73  8:54  Marine x3  
  73  8:55  Marine  
  77  9:00  Marauder  
  79  9:16  Marine x5  
  79  9:17  Marine x2  
  84  9:18  Supply Depot  
  84  9:21  Marauder  
  79  9:40  Siege Tank  
  80  9:56  Armory  
  62  10:35  Marauder  
  62  10:36  Marine x2  
  62  10:37  Marine x2  
  62  11:07  Marine x3  
  62  11:08  Marine x5  
  62  11:09  Marine x2  
  62  11:10  Siege Tank  
  30  11:25  Marine x4  
  32  11:26  Marine x5  
Tags
 
Add a new tag
Caveats
  • Supply blocks, unpowered buildings, or Contaminate may cause inaccurate times.
  • Supply counts are checked every 10 seconds.